 Dungeon Crawl Stone Soup version 0.31-a0-460-g9e667d4245 (webtiles) character file.

Game seed: 1639417307357496049

13970 lessens the Severer (level 11, -2/81 HPs)
             Began as a Demonspawn Fighter on Aug 4, 2023.
             Was a High Priest of Okawaru.
             Slain by a death yak (15 damage)
             ... led by a torpor snail
             ... on level 1 of the Lair of Beasts.
             The game lasted 00:16:35 (14165 turns).

lessens the Severer (Demonspawn Fighter)           Turns: 14165, Time: 00:16:36

Health: -2/81      AC: 14    Str: 28    XL:     11   Next: 82%
Magic:  0/17       EV: 11    Int:  9    God:    Okawaru [*****.]
Gold:   302        SH:  9    Dex: 15    Spells: 10/10 levels left

rFire   + . .        D - +4 hand axe
rCold   . . .        E - +0 kite shield
rNeg    . . .        b - +0 scale mail
rPois   .            (helmet unavailable)
rElec   +            (no cloak)
rCorr   .            t - +0 pair of gloves
SInv    .            U - +0 pair of boots of the Goldsmith {rElec Dex+3}
Will    .....        K - amulet of guardian spirit Stlth
                     C - ring of protection from fire
HPRegen 0.33/turn    J - +6 ring of strength
MPRegen 0.30/turn

%: guardian spirit
@: sanguine armoured, slowed, studying Dodging, very slow
A: horns 3, (demonic guardian 3), magic regeneration, sanguine armour 1
a: Renounce Religion, Heroism, Finesse, Duel


You were on level 1 of the Lair of Beasts.
You worshipped Okawaru.
Okawaru was extremely pleased with you.
You visited 3 branches of the dungeon, and saw 14 of its levels.

You collected 833 gold pieces.
You spent 531 gold pieces at shops.

Inventory:

Hand Weapons
 a - a +0 war axe
 D - a +4 hand axe (weapon)
Missiles
 g - 11 boomerangs
 j - 113 stones
 v - 37 poisoned darts (quivered)
 L - a throwing net
 Q - 6 curare-tipped darts
Armour
 b - a +0 scale mail (worn)
 t - a +0 pair of gloves (worn)
 E - a +0 kite shield (worn)
 U - the +0 pair of boots of the Goldsmith (worn) {rElec Dex+3}
   (Okawaru gifted it to you on level 1 of the Lair of Beasts)

   Dex:       It affects your dexterity (+3).
   rElec:     It insulates you from electricity.
Jewellery
 i - an amulet of magic regeneration
 A - a +4 ring of protection
 C - a ring of protection from fire (left hand)
 J - a +6 ring of strength (right hand)
 K - an amulet of guardian spirit (around neck)
Wands
 y - a wand of roots (13)
 H - a wand of mindburst (4)
 I - a wand of light (5)
 M - a wand of digging (4)
 S - a wand of flame (28)
Scrolls
 e - 3 scrolls of enchant armour
 f - 4 scrolls of fog
 l - 4 scrolls of revelation
 m - 6 scrolls of teleportation
 o - a scroll of noise {unknown}
 q - a scroll of blinking {unknown}
 s - 2 scrolls of poison
 u - 2 scrolls of enchant weapon
 w - a scroll of amnesia {unknown}
 x - 2 scrolls of vulnerability
 z - 2 scrolls of torment {unknown}
 B - 2 scrolls of fear {unknown}
 P - 3 scrolls of silence {unknown}
 R - 4 scrolls of identify
Potions
 c - 2 potions of brilliance {unknown}
 d - 4 potions of might
 h - 4 potions of enlightenment
 k - 4 potions of curing
 n - 2 potions of magic
 p - 6 potions of heal wounds
 r - 4 potions of mutation
 F - 2 potions of attraction
 G - a potion of haste
 N - a potion of lignification
 O - a potion of resistance
 T - a potion of ambrosia


   Skills:
 - Level 6.0 Fighting
 * Level 15.5 Axes
 - Level 2.6 Armour
 + Level 4.6 Dodging
 - Level 2.6 Shields
 - Level 8.1 Invocations


You had 10 spell levels left.
You didn't know any spells.
Your spell library contained the following spells:

 Spells                   Type           Power      Damage    Failure   Level
 Magic Dart               Conj           0%         1d3       87%         1
 Sublimation of Blood     Necr           0%         N/A       95%         2
 Wereblood                Tmut           0%         N/A       95%         2
 Mephitic Cloud           Conj/Pois/Air  0%         N/A       99%         3
 Passage of Golubria      Tloc           0%         N/A       100%        4
 Yara's Violent Unravell  Hex/Tmut       0%         3d3       100%        5
 Call Imp                 Summ           Unusable   N/A       N/A         2
 Tukima's Dance           Hex            Unusable   N/A       N/A         3
 Summon Hydra             Summ           Unusable   N/A       N/A         7

Dungeon Overview and Level Annotations

Branches:
Dungeon (12/15) Zot: 26250  Temple (1/1) D:7 Zot: 5987    Lair (1/5) D:11 Zot: 5422
    Orc (0/2) D:10

Altars:
Ashenzari
Cheibriados
Dithmenos
Fedhas
Gozag
Hepliaklqana
Kikubaaqudgha
Makhleb
Nemelex Xobeh
Okawaru
Qazlal
Ru
Sif Muna
Trog
Uskayaw
Vehumet
Wu Jian
Xom
Yredelemnul

Shops:
D:7 *   D:10 !

Annotations:
D:12 Azrael


Innate Abilities, Weirdness & Mutations

You have a pair of large horns on your head.
((A powerful demonic guardian rushes to your aid.))
You regenerate magic rapidly.
When seriously injured, your blood forms armour. (AC +6)


Message History

The death yak is moderately wounded.
You hit the fungus. You slash the torpor snail!
The death yak closely misses you.
You barely miss the death yak.
You headbutt the death yak, but do no damage.
The death yak is moderately wounded.
You slash the torpor snail! You hit the fungus.
The torpor snail barely misses you. The death yak gores you.
You slice the death yak!!
The death yak is heavily wounded.
You hit the fungus.
You hit the torpor snail but do no damage.
The death yak misses you. You block the torpor snail's attack.
You slash the death yak!
You headbutt the death yak, but do no damage.
The death yak is severely wounded.
You hit the fungus. You hit the torpor snail.
A nearby fungus withers and dies.
The death yak gores you! The torpor snail bites you!
You are too injured to fight recklessly!
You are too injured to fight recklessly!
You are too injured to fight recklessly!
You hit the death yak.
The death yak is severely wounded.
You hit the torpor snail but do no damage.
The death yak gores you.
You hit the death yak.
The death yak is severely wounded.
You hit the torpor snail. You block the death yak's attack.
The torpor snail bites you!
* * * LOW HITPOINT WARNING * * *
You hit the death yak but do no damage. You headbutt the death yak!
The death yak is almost dead.
You hit the torpor snail. The death yak closely misses you.
The torpor snail bites you!
* * * LOW HITPOINT WARNING * * *
You slash the death yak!
You headbutt the death yak, but do no damage.
The death yak is almost dead.
You hit the torpor snail. The death yak gores you!!
You die...

...>.. #.. #............#
##.. #...... .....# #...
#.....# #...# ##.## .
#.....####...###..##
.P###......##P........##
..........# ##........##
..........# #........##
......w@..# #........##
.##P##Y#..# #.....##รท##
####.# #.....##.## #..#
#.....##.## ##.#
##.....##..#
##.###......#.#..
#...........####. .#.
##...........# ##
#...######.#..........####.


You could see a death yak and a torpor snail.

Vanquished Creatures
  Snorg (D:11)
  2 two-headed ogres
  The ghost of jasper the Nimble, a journeyman SpSh of Okawaru (D:11)
  Pikel (D:4)
  A manticore (D:10)
  An unseen horror (D:10)
  3 kobold demonologists
  2 komodo dragons
  2 trolls
  A shadow (D:10)
  A wraith (D:9)
  A wyvern (D:10)
  18 yaks
  A basilisk (D:12)
  A two-headed ogre zombie (D:10)
  An acid dragon (D:8)
  6 water moccasins (Lair:1)
  2 orc warriors
  A sky beast (D:8)
  An ice beast (D:8)
  5 black bears
  An ogre (D:5)
  A lemure (D:4)
  5 centaurs
  4 phantoms
  8 kobold brigands
  4 bullfrogs
  4 scorpions
  4 gnoll sergeants
  8 wights
  A troll zombie (D:10)
  An electric eel (D:8)
  3 howler monkeys (D:8)
  A hound (D:7)
  3 jellies
  An orc priest (D:8)
  2 gnoll boudas (D:8)
  4 iguanas
  Natasha (thrice) (D:2)
  10 orc wizards
  6 ogre zombies (D:10)
  25 gnolls
  14 adders
  A shadow imp (D:5)
  2 ufetubi
  2 worms
  A dart slug (D:1)
  29 orcs
  7 bats
  5 endoplasms
  2 giant cockroaches
  7 goblins
  2 hobgoblins (D:4)
  4 jackals
  3 quokkas
  7 ball pythons
  A goblin skeleton (D:10)
  7 goblin zombies (D:10)
  3 hobgoblin zombies (D:10)
  20 kobolds
  2 orc skeletons (D:10)
  12 orc zombies (D:10)
  4 rats
287 creatures vanquished.

Vanquished Creatures (collateral kills)
  Edmund (D:4)
  2 adders
  3 orcs
  An endoplasm (D:2)
  A kobold (D:3)
8 creatures vanquished.

Grand Total: 295 creatures vanquished

Notes
Turn   | Place    | Note
-------+----------+-------------------------------------------
     0 | D:1      | lessens the Demonspawn Fighter began the quest for the Orb.
     0 | D:1      | Reached XP level 1. HP: 18/18 MP: 1/1
    31 | D:1      | Reached skill level 2 in Axes
   242 | D:1      | Gained mutation: A weak demonic guardian rushes to your
                  | aid. [demonic ancestry]
   242 | D:1      | Reached XP level 2. HP: 24/24 MP: 2/2
  1043 | D:1      | Found a faded altar of an unknown god.
  1166 | D:2      | Reached skill level 3 in Axes
  1283 | D:2      | Noticed Natasha
  1290 | D:2      | Killed Natasha
  1291 | D:2      | Gained mutation: You regenerate magic rapidly. [demonic
                  | ancestry]
  1291 | D:2      | Reached XP level 3. HP: 24/29 MP: 3/3
  1339 | D:2      | Noticed Natasha
  1346 | D:2      | Killed Natasha
  1347 | D:2      | Reached skill level 4 in Axes
  1347 | D:2      | Gained mutation: When seriously injured, your blood forms
                  | armour. (AC +6) [demonic ancestry]
  1347 | D:2      | Reached XP level 4. HP: 23/35 MP: 4/4
  1427 | D:2      | Noticed Natasha
  1434 | D:2      | Killed Natasha
  1887 | D:3      | Gained mutation: You have a pair of small horns on your
                  | head. [demonic ancestry]
  1887 | D:3      | Reached XP level 5. HP: 37/41 MP: 5/5
  2143 | D:3      | Identified the +1 mace of the Lamprey {pain, rF+ Stlth+}
  2231 | D:3      | Found an ornate altar of the Wu Jian Council.
  2317 | D:4      | Reached skill level 5 in Axes
  2336 | D:4      | Noticed Edmund
  2543 | D:4      | Killed Edmund
  2544 | D:4      | Reached XP level 6. HP: 29/47 MP: 6/6
  2661 | D:4      | Reached skill level 6 in Axes
  2981 | D:4      | Noticed Pikel
  3000 | D:4      | Killed Pikel
  3001 | D:4      | Reached skill level 8 in Axes
  3001 | D:4      | Gained mutation: You have a pair of horns on your head.
                  | [demonic ancestry]
  3001 | D:4      | Reached XP level 7. HP: 10/52 MP: 7/7
  3365 | D:5      | Entered Level 5 of the Dungeon
  3392 | D:5      | Gained mutation: You have a pair of large horns on your
                  | head. [demonic ancestry]
  3392 | D:5      | Reached XP level 8. HP: 35/58 MP: 8/8
  3527 | D:5      | Reached skill level 9 in Axes
  3705 | D:5      | Found a hide-covered altar of Uskayaw.
  3852 | D:5      | Found a hazy altar of Hepliaklqana.
  4750 | D:6      | Reached skill level 10 in Axes
  5479 | D:7      | Found a staircase to the Ecumenical Temple.
  5690 | Temple   | Entered the Ecumenical Temple
  5696 | Temple   | Became a worshipper of Warmaster Okawaru
  5878 | D:7      | Reached skill level 11 in Axes
  5878 | D:7      | Gained mutation: A demonic guardian rushes to your aid.
                  | [demonic ancestry]
  5878 | D:7      | Reached XP level 9. HP: 61/63 MP: 9/9
  5906 | D:7      | Reached skill level 1 in Invocations
  5961 | D:7      | Found a bloodstained altar of Trog.
  6026 | D:7      | Reached * piety under Okawaru
  6652 | D:7      | Found Uleo's General Store.
  6655 | D:7      | Bought a scroll of fog for 44 gold pieces
  6655 | D:7      | Bought a potion of haste for 110 gold pieces
  6655 | D:7      | Bought a wand of mindburst (9) for 138 gold pieces
  6655 | D:7      | Bought a scroll of immolation for 44 gold pieces
  7702 | D:8      | Reached skill level 12 in Axes
  7736 | D:8      | Reached ** piety under Okawaru
  7737 | D:8      | Reached skill level 5 in Invocations
  8694 | D:9      | Reached XP level 10. HP: 41/70 MP: 9/14
  9101 | D:9      | Reached *** piety under Okawaru
  9125 | D:9      | Reached skill level 13 in Axes
  9704 | D:9      | Noticed a two-headed ogre
  9714 | D:9      | Killed a two-headed ogre
  9944 | D:9      | Found a shadowy altar of Dithmenos.
 10112 | D:10     | Entered Level 10 of the Dungeon
 10174 | D:10     | Found Ewkom's Distillery.
 10220 | D:10     | Bought a potion of lignification for 45 gold pieces
 10220 | D:10     | Bought a potion of resistance for 150 gold pieces
 10529 | D:10     | Found a staircase to the Orcish Mines.
 10860 | D:10     | Reached **** piety under Okawaru
 11121 | D:10     | Noticed a manticore
 11129 | D:10     | Killed a manticore
 11130 | D:10     | Reached skill level 14 in Axes
 11370 | D:10     | Found a sacrificial altar of Ru.
 11545 | D:10     | Gained mutation: A powerful demonic guardian rushes to your
                  | aid. [demonic ancestry]
 11545 | D:10     | Reached XP level 11. HP: 64/68 MP: 15/17
 11741 | D:10     | Reached skill level 5 in Fighting
 12025 | D:11     | Found a staircase to the Lair.
 12081 | D:11     | Noticed Snorg
 12267 | D:11     | Killed Snorg
 12284 | D:11     | HP: 4/81 [yak (5)]
 12589 | D:11     | Found a runed translucent door.
 12589 | D:11     | Noticed jasper's ghost (journeyman SpSh)
 12603 | D:11     | Killed jasper's ghost
 12604 | D:11     | Reached skill level 15 in Axes
 12642 | D:11     | Reached ***** piety under Okawaru
 13375 | D:12     | Noticed a two-headed ogre
 13384 | D:12     | Killed a two-headed ogre
 13469 | D:12     | Noticed Azrael
 13576 | Lair:1   | Entered Level 1 of the Lair of Beasts
 13777 | Lair:1   | Identified the +0 pair of boots of the Goldsmith {rElec
                  | Dex+3} (Okawaru gifted it to you on level 1 of the Lair of
                  | Beasts)
 13777 | Lair:1   | Received a gift from Okawaru
 14154 | Lair:1   | Noticed a death yak
 14165 | Lair:1   | Slain by a death yak

Illustrated notes

Levels and vault maps discovered:
D:1:      nicolae_arrival_memento_mori, layout_basic,
          hellmonk_ecumenical_altar_heavens_door
D:2:      layout_rooms, uniq_natasha
D:3:      layout_rooms, nzn_wu_jian_contemplation
D:4:      layout_loops_ring, uniq_pikel, uniq_edmund
D:5:      layout_cave_pools, mainiacjoe_overflow_catch_the_wave, hex_medium,
          minmay_misc_feat_more_columns, minmay_misc_feat_tiny
D:6:      layout_basic
D:7:      layout_layer_cave, trog_butcher_becter, minmay_temple_entry_junction,
          serial_shops, kennysheep_mini
D:8:      layout_loops_cross, chequers_big_river, minmay_holes,
          kennysheep_generic_room_5
D:9:      nicolae_BIG_FREAKIN_CUBE, layout_loops_corners, amcnicky_altar_gilded
D:10:     layout_loops_corners, mainiacjoe_overflow_24_doors, zombieorc2_lemuel,
          serial_shops, nicolae_square_shop
D:11:     layout_rooms, lair_entry_dummy, gammafunk_ghost_grave,
          blue_anna_alchemist, uniq_snorg
D:12:     layout_long_grid, uniq_azrael
Temple:   compressed_dpeg_triangle_lava_temple
Lair:1:   minmay_lair_oklob_chamber, layout_chaotic_city, serial_bayou_pond_e,
          cheibrodos_lair_reptile_den, uniq_nergalle

Skill      XL: |  1  2  3  4  5  6  7  8  9 10 11 |
---------------+----------------------------------+-----
Axes           | 2 3 4 5 8 11 12 14 15 | 15.5
Invocations    | 6 8 |  8.1
Fighting       | 4 6 |  6.0
Dodging        | 4 |  4.6
Armour         | |  2.6
Shields        | |  2.6

Action                     |  1- 3 |  4- 6 |  7- 9 | 10-12 || total
---------------------------+-------+-------+-------+-------++-------
  Melee: War axe           |    65 |   128 |    93 |       ||   286
         Headbutt          |       |    15 |    62 |    92 ||   169
         Hand axe          |       |       |   218 |   429 ||   647
  Throw: Dart              |       |     5 |    10 |     6 ||    21
 Invoke: Heroism           |       |       |       |     5 ||     5
  Evoke: Wand              |       |       |     2 |     5 ||     7
    Use: Scroll            |       |       |     9 |     4 ||    13
         Potion            |       |       |       |     3 ||     3
 Armour: Scale mail        |    45 |    70 |    98 |   152 ||   365
  Dodge: Dodged            |    34 |    47 |    92 |   143 ||   316
  Block: Buckler           |    15 |    23 |    31 |       ||    69
         Kite shield       |       |       |    51 |   165 ||   216

Table legend: (Time is in decaauts)
 A = Elapsed time spent in this place.
 B = Non-inter-level travel time spent in this place.
 C = Inter-level travel time spent in this place.
 D = Time resting spent in this place.
 E = Time spent auto-exploring this place.
 F = Levels seen in this place.
 G = Mean time per level.
                   A        B        C        D        E       F      G
               +--------+--------+--------+--------+--------+-----+--------+
         Total |  14100 |  13646 |    454 |   1344 |  10299 |  14 | 1007.1 |
       Dungeon |  13511 |  13063 |    448 |   1181 |   9971 |  12 | 1125.9 |
        Temple |     12 |      6 |      6 |      0 |      0 |   1 |   12.0 |
          Lair |    576 |    576 |      0 |    163 |    328 |   1 |  576.0 |
               +--------+--------+--------+--------+--------+-----+--------+

Top non-repeatable levels by time:
    D:10: 1750 daAuts
     D:9: 1659 daAuts
     D:8: 1628 daAuts
     D:7: 1496 daAuts
     D:1: 1161 daAuts
     D:4: 1136 daAuts
     D:6: 1108 daAuts
     D:5: 866 daAuts
    D:11: 866 daAuts
    D:12: 648 daAuts
     D:2: 643 daAuts
  Lair:1: 576 daAuts
     D:3: 545 daAuts
  Temple: 12 daAuts

Levels and vault maps discovered:
D:1:      nicolae_arrival_memento_mori, layout_basic,
          hellmonk_ecumenical_altar_heavens_door
D:2:      layout_rooms, uniq_natasha
D:3:      layout_rooms, nzn_wu_jian_contemplation
D:4:      layout_loops_ring, uniq_pikel, uniq_edmund
D:5:      layout_cave_pools, mainiacjoe_overflow_catch_the_wave, hex_medium,
          minmay_misc_feat_more_columns, minmay_misc_feat_tiny
D:6:      layout_basic
D:7:      layout_layer_cave, trog_butcher_becter, minmay_temple_entry_junction,
          serial_shops, kennysheep_mini
D:8:      layout_loops_cross, chequers_big_river, minmay_holes,
          kennysheep_generic_room_5
D:9:      nicolae_BIG_FREAKIN_CUBE, layout_loops_corners, amcnicky_altar_gilded
D:10:     layout_loops_corners, mainiacjoe_overflow_24_doors, zombieorc2_lemuel,
          serial_shops, nicolae_square_shop
D:11:     layout_rooms, lair_entry_dummy, gammafunk_ghost_grave,
          blue_anna_alchemist, uniq_snorg
D:12:     layout_long_grid, uniq_azrael
Temple:   compressed_dpeg_triangle_lava_temple
Lair:1:   minmay_lair_oklob_chamber, layout_chaotic_city, serial_bayou_pond_e,
          cheibrodos_lair_reptile_den, uniq_nergalle
